 Dungeon Crawl Stone Soup version 0.31-a0-240-gb923e448b6 (webtiles) character file.

Game seed: 15295891654447413291

88 qw the Trooper (level 4, -8/29 HPs)
             Began as a Gargoyle Hexslinger on July 11, 2023.
             Mangled by Menkaure (12 damage)
             ... on level 4 of the Dungeon.
             The game lasted 00:00:26 (1104 turns).

qw the Trooper (Gargoyle Hexslinger)                Turns: 1104, Time: 00:00:27

Health: -8/29      AC:  8    Str: 11    XL:     4   Next: 54%
Magic:  5/5        EV: 10    Int: 14    God:
Gold:   65         SH:  0    Dex: 14    Spells: 4/5 levels left

rFire   . . .        Y - +2 sling
rCold   . . .        (no shield)
rNeg    + . .        e - +0 ring mail
rPois   inf          (no helmet)
rElec   +            (no cloak)
rCorr   .            (no gloves)
SInv    .            (no boots)
Will    .....        (no amulet)
Stlth   +            (no ring)
HPRegen 0.24/turn    (no ring)
MPRegen 0.09/turn

%: no passive effects
@: no status effects
A: sickness immunity, AC +3, negative energy resistance 1, electricity
resistance, torment resistance 1, petrification resistance
a: no special abilities


You were on level 4 of the Dungeon.
You visited 1 branch of the dungeon, and saw 3 of its levels.

You collected 112 gold pieces.
You spent 47 gold pieces at shops.


Innate Abilities, Weirdness & Mutations

You are immune to sickness and miasma.
Your stone body is resilient. (AC +3)
You are immune to poison.
You resist negative energy. (rN+)
You are resistant to electric shocks. (rElec)
You are resistant to unholy torment.
You are immune to petrification.


   Skills:
 - Level 3.7 Fighting
 + Level 3.2 Ranged Weapons
 - Level 1.5 Dodging
 - Level 1.0 Spellcasting
 - Level 2.6 Hexes


You had 4 spell levels left.
You knew the following spells:

 Your Spells              Type           Power      Damage    Failure   Level
a - Slow                  Hex            32%        N/A       22%         1

Your spell library contained the following spells:

 Spells                   Type           Power      Damage    Failure   Level
 Inner Flame              Hex/Fire       4%         N/A       73%         3
 Portal Projectile        Hex/Tloc       8%         N/A       73%         3
 Cause Fear               Hex            4%         N/A       91%         4

Inventory:

Hand Weapons
 Y - a +2 sling (weapon)
Armour
 e - a +0 ring mail (worn)
Scrolls
 g - a scroll of identify
Potions
 c - a potion of enlightenment {unknown}
 d - a potion of brilliance {unknown}
 f - a potion of mutation {unknown}

Dungeon Overview and Level Annotations

Branches:
Dungeon (2/15)

Altars:
Xom

Shops:
D:2 *

Annotations:
D:4 Menkaure


Message History

It was a scroll of fear.
1095 ||| READING scroll labelled AKATISH XAIT.
As you read the scroll labelled AKATISH XAIT, it crumbles to dust.
You feel strangely unstable.
It was a scroll of teleportation.
You start waiting.
Your surroundings suddenly seem different.
Menkaure and a quokka come into view.
Found a scroll of enchant weapon and 8 gold pieces.
Menkaure shouts!
You shoot a sling bullet. The sling bullet hits Menkaure.
Menkaure is lightly damaged.
Menkaure hits you but does no damage.
You shoot a sling bullet. The sling bullet hits Menkaure.
Menkaure is lightly damaged.
Menkaure gestures wildly while chanting.
Menkaure seems to speed up.
You shoot a sling bullet.
The sling bullet barely misses Menkaure.
The sling bullet barely misses the quokka.
Menkaure hits you! Menkaure hits you.
The quokka bites you but does no damage.
You shoot a sling bullet.
The sling bullet barely misses Menkaure.
Menkaure points at you and mumbles some strange words.
Pain shoots through your body!
The quokka bites you but does no damage.
Menkaure barely misses you.
You shoot a sling bullet.
The sling bullet closely misses Menkaure.
The quokka bites you. Menkaure hits you.
The quokka bites you but does no damage.
You shoot a sling bullet. The sling bullet hits Menkaure.
Menkaure is moderately damaged.
Menkaure calls on the powers of darkness!
The quokka convulses!
You feel a surge of unholy energy. The quokka closely misses you.
Menkaure barely misses you. The quokka bites you.
You shoot a sling bullet.
The sling bullet barely misses Menkaure.
Menkaure hits you!
You die...

**,*****, **,,*,,*,* *,,***,*,,
**####**####### **,,,,,,,*
*,.....##.....## *********
*,.....#.......##*******,, ****
*,$.?...........#,,,,,,,,, *,,**
*,...............,,,,,,,,,
**,,****,.......@.......,,,,,,,,,
**,,,**,......rM......#****,,,,,
***,,**.####.........# *,,,,,,,
**,,,,* #.........#**,,,**,,
***<,** #..........,*,,,**,,
***,,,**#.........#,,,,,***, ****
*,,,,,,,...........,,,,,,,,,
,,,***,*****#..........#,,,*,****
*,,,*,,*,,,,***,,,,,,,,,,,,*,****


You could see Menkaure (fast) and a quokka.

Vanquished Creatures
  A scorpion (D:4)
  An adder (D:1)
  A dart slug (D:2)
  3 endoplasms
  3 goblins
  2 hobgoblins
  3 ball pythons
  A bat (D:1)
  2 kobolds
  A rat (D:1)
18 creatures vanquished.

Notes
Turn   | Place    | Note
-------+----------+-------------------------------------------
     0 | D:1      | qw the Gargoyle Hexslinger began the quest for the Orb.
     0 | D:1      | Reached XP level 1. HP: 12/12 MP: 2/2
     0 | D:1      | 0 ||| qw: Version: 0.3-a-52-g30416fa
     0 | D:1      | 0 ||| qw: Game counter: 6058
     0 | D:1      | 0 ||| qw: Melee chars always use a shield: true
     0 | D:1      | 0 ||| qw: God list: Okawaru
     0 | D:1      | 0 ||| qw: Allow faded altars: false
     0 | D:1      | 0 ||| qw: Do Orc after clearing Dungeon:15 true
     0 | D:1      | 0 ||| qw: Do second Lair branch before Depths: true
     0 | D:1      | 0 ||| qw: Lair rune preference: random
     0 | D:1      | 0 ||| qw: Goals: Normal
     0 | D:1      | 0 ||| PLANNING D:1-11
   252 | D:1      | 252 ||| FLEEEEING.
   253 | D:1      | 253 ||| FLEEEEING.
   254 | D:1      | 254 ||| FLEEEEING.
   271 | D:1      | Reached XP level 2. HP: 16/16 MP: 3/3
   465 | D:1      | Found a faded altar of an unknown god.
   574 | D:1      | 574 ||| UPGRADING to +0 ring mail.
   584 | D:1      | 584 ||| DROPPING +0 robe.
   585 | D:1      | 585 ||| READING scroll labelled SESHUE HOWOARI.
   586 | D:1      | 586 ||| READING 2 scrolls labelled KEPEUS JACW.
   587 | D:1      | 587 ||| READING scroll labelled BAULAGH APRU.
   588 | D:1      | 588 ||| DROPPING scroll of poison.
   646 | D:2      | 646 ||| STAIRDANCE
   656 | D:1      | Reached skill level 3 in Ranged Weapons
   843 | D:2      | Found Yfiowysk's Assorted Antiques.
   852 | D:2      | 852 ||| BUYING red potion (22 gold).
   852 | D:2      | Bought a red potion for 22 gold pieces
   852 | D:2      | 852 ||| BUYING scroll labelled MITOQY FEOSEOW (25 gold).
   852 | D:2      | Bought a scroll labelled MITOQY FEOSEOW for 25 gold pieces
   852 | D:2      | 852 ||| SHOPLISTING scroll of identify (50 gold, have 40).
   890 | D:2      | Reached XP level 3. HP: 21/21 MP: 4/4
   935 | D:2      | You fall into a shaft and drop 2 floors!
   955 | D:4      | Found a shimmering altar of Xom.
   957 | D:4      | Noticed a scorpion
   971 | D:4      | HP: 5/21 [kobold/+0 short sword (3)]
   973 | D:4      | Killed a scorpion
   974 | D:4      | Reached skill level 3 in Fighting
   974 | D:4      | Reached XP level 4. HP: 8/29 MP: 5/5
  1092 | D:4      | 1092 ||| READING scroll labelled JATEBR QYICU.
  1093 | D:4      | 1093 ||| READING scroll labelled IFIROBLAICO.
  1094 | D:4      | 1094 ||| READING scroll labelled MITOQY FEOSEOW.
  1095 | D:4      | 1095 ||| READING scroll labelled AKATISH XAIT.
  1097 | D:4      | Noticed Menkaure
  1102 | D:4      | HP: 5/29 [Menkaure (6)]
  1104 | D:4      | Mangled by Menkaure

Levels and vault maps discovered:
D:1:      nagdon_arrival_double_spiral, layout_rooms,
          ebering_ecumenical_altar_webs, minmay_misc_feat_encased, minivault_27,
          chequers_serial_rivers_room_a
D:2:      layout_basic, serial_shops, nicolae_shop_gibbet_a_chance,
          nicolae_half_adder
D:4:      layout_rooms, mainiacjoe_overflow_chevrons, xom_butterflies,
          nzn_hepliaklqana_mist_gate, minmay_small_thing, uniq_menkaure,
          uniq_ijyb

Skill      XL: |  1  2  3 |
---------------+----------+-----
Ranged Weapons | 3 |  3.2
Fighting       | 3 |  3.7
Dodging        | |  1.5
Spellcasting   | |  1.0
Hexes          | |  2.6

Action                     |  1- 3 |  4- 6 || total
---------------------------+-------+-------++-------
   Fire: Sling             |    74 |    13 ||    87
    Use: Scroll            |     3 |     4 ||     7
 Armour: Robe              |     3 |       ||     3
         Ring mail         |    23 |     8 ||    31
  Dodge: Dodged            |    35 |     9 ||    44

Table legend:
 A = Non-vault XP
 B = Vault XP
 C = Vault XP percentage of total XP
 D = Non-vault monster count
 E = Vault monster count
 F = Vault count percentage of total count
                 A         B        C        D         E       F
            +---------+---------+-------+---------+---------+-------
      Total |     127 |       0 |   0.0 |      18 |       0 |   0.0
            +---------+---------+-------+---------+---------+-------
        D:1 |      25 |       0 |   0.0 |      10 |       0 |   0.0
        D:2 |      10 |       0 |   0.0 |       4 |       0 |   0.0
        D:4 |      92 |       0 |   0.0 |       4 |       0 |   0.0
            +---------+---------+-------+---------+---------+-------
